 Dungeon Crawl Stone Soup version 0.29.1-2-gbd0b4ee654 (webtiles) character file.

Game seed: 18187951800073874734

277 unlimited1921 the Magician (level 6, -3/40 HPs)
             Began as a Djinni Fire Elementalist on Oct 28, 2022.
             Slain by a gnoll
             ... wielding a +0 flail
              (6 damage)
             ... on level 3 of the Dungeon.
             The game lasted 00:11:11 (5729 turns).

unlimited1921 the Magician (DjFE)                   Turns: 5729, Time: 00:11:11

Health: -3/40      AC:  4    Str:  7    XL:     6   Next: 51%
Gold:   154        EV: 12    Int: 19    God:
                   SH:  0    Dex: 13

rFire   + + +      SeeInvis .   l - +0 dagger (venom)
rCold   . . .      Faith    .   (no shield)
rNeg    . . .      Spirit   .   g - +2 robe {rC+ rF+}
rPois   ∞          Reflect  .   (no helmet)
rElec   .          Harm     .   (no cloak)
rCorr   .          Rampage  .   (no gloves)
Will    .....                   (boots unavailable)
Stlth   ++........              (no amulet)
HPRegen 0.13/turn               (no ring)
MPRegen 0.00/turn               (no ring)

@: attractive, flying
A: sickness immunity, fire resistance 2, cold vulnerability 1, float, innate
caster, HP casting, extra vitality 1
a: no special abilities


You were on level 3 of the Dungeon.
You visited 1 branch of the dungeon, and saw 3 of its levels.

You collected 154 gold pieces.

Inventory:

Hand Weapons
 l - a +0 dagger of venom (weapon)
Armour
 a - a +0 robe
 c - a +0 leather armour
 g - a +2 robe of resistance (worn)
Wands
 h - a wand of flame (20)
Scrolls
 i - a scroll of silence {unknown}
Potions
 b - a potion of curing
 e - a potion of heal wounds {unknown}
 f - a potion of degeneration {unknown}
 j - a potion of mutation {unknown}
 k - a potion of flight {unknown}


   Skills:
 + Level 0.2 Fighting
 + Level 2.5 Dodging
 + Level 2.4 Stealth
 + Level 4.9 Spellcasting


You couldn't memorise any spells.
You knew the following spells:

 Your Spells              Type           Power      Damage    Failure   Level
a - Foxfire               Conj/Fire      92%        2x1d8     1%          1
b - Scorch                Fire           46%        2d7       2%          2
c - Conjure Flame         Conj/Fire      23%        6-21      4%          3
d - Inner Flame           Hex/Fire       23%        N/A       4%          3
e - Flame Wave            Conj/Fire      23%        2d8       17%         4
f - Beastly Appendage     Tmut           46%        N/A       1%          1
g - Call Imp              Summ           23%        N/A       2%          2
Your spell library was empty.

Dungeon Overview and Level Annotations

Branches:
Dungeon (3/15)

Altars:


Innate Abilities, Weirdness & Mutations

You are immune to sickness and miasma.
You are immune to poison.
Your flesh is very heat resistant. (rF++)
You are vulnerable to cold. (rC-)
You float through the air rather than walking.
You learn spells naturally, not from books.
Your magical power is your life essence.
You have superior vitality. (+4 MHP)


Message History

Flame seeps out of Sigmund.
Sigmund gestures wildly while chanting.
Sigmund flickers and vanishes!
Deactivating autopickup; reactivate with Ctrl-A.
It was a potion of attraction.
You feel attractive to monsters.
Reactivating autopickup.
You feel a bit more experienced.
Sigmund explodes!
You feel a bit more experienced.
The fiery explosion engulfs the hobgoblin!!!
You kill the hobgoblin!
The fiery explosion engulfs your crimson imp.
Your crimson imp completely resists.
Your crimson imp is lightly wounded.
Your crimson imp blinks!
The gnoll is attracted toward you. x2
You have reached level 6!
The gnoll is attracted toward you. The gnoll attacks as you move away!
The gnoll hits you with a +0 flail. The gnoll is attracted toward you.
Things that are here:
a +0 dagger; a kobold corpse The gnoll attacks as you move away!
The gnoll hits you with a +0 flail! The gnoll is attracted toward you.
The gnoll is attracted toward you. The gnoll attacks as you move away!
The gnoll closely misses you. The gnoll is attracted toward you.
Casting: Scorch (safe; 2% risk of failure)
Confirm with . or Enter, or press ? or * to list all spells.
A metallic apparition takes form in the air.
The gnoll barely misses you.
The gnoll hits you from afar with a +0 spear.
* * * LOW HITPOINT WARNING * * *
The gnoll is attracted toward you. The gnoll attacks as you move away!
The gnoll hits you with a +0 flail!
* * * LOW HITPOINT WARNING * * *
Your iron imp barely misses the gnoll.
The gnoll attacks as you move away! The gnoll hits you with a +0 flail.
You die...

############
#####
#..........####
.....
#..............
.....
#.............
.?... #.........#
..... #.........#
.....
#.<....5..###
.....
#..<...@g...+
.....
#########g###
....g ##.# .....
#g§###.### ......
#)).§))[......g..
#§#####)†#...g...
#..gg§5.†....$...
###[#.#####.....#
.......


You could see 2 gnolls and a friendly iron imp (summoned).

Vanquished Creatures
  Sigmund (D:3)
  Jessica (D:2)
  Robin (D:3)
  2 adders (D:2)
  2 dart slugs (D:2)
  3 orcs
  5 endoplasms
  5 giant cockroaches
  9 goblins
  5 hobgoblins
  7 jackals
  2 kobolds
  A quokka (D:1)
  4 ball pythons
  8 bats
  5 frilled lizards
  3 rats (D:1)
64 creatures vanquished.

Vanquished Creatures (collateral kills)
  5 foxfires
5 creatures vanquished.

Vanquished Creatures (others)
  156 foxfires
  14 plants (D:2)
170 creatures vanquished.

Grand Total: 239 creatures vanquished

Notes
Turn   | Place    | Note
-------+----------+-------------------------------------------
     0 | D:1      | unlimited1921 the Djinni Fire Elementalist began the quest
                  | for the Orb.
     0 | D:1      | unlimited1921 set off with the following spells memorised:
                  | Foxfire, Scorch, Conjure Flame, Inner Flame, Flame Wave.
     0 | D:1      | Reached XP level 1. HP: 15/15 MP: 0/0
   770 | D:1      | Reached XP level 2. HP: 17/21 MP: 0/0
  1995 | D:1      | Reached XP level 3. HP: 21/25 MP: 0/0
  1995 | D:1      | Learned a level 1 spell: Beastly Appendage
  2565 | D:1      | Reached skill level 3 in Spellcasting
  3151 | D:2      | Noticed Jessica
  3158 | D:2      | Killed Jessica
  3159 | D:2      | Reached XP level 4. HP: 10/31 MP: 0/0
  5554 | D:3      | Noticed Sigmund
  5554 | D:3      | Noticed Robin
  5558 | D:3      | Reached XP level 5. HP: 30/35 MP: 0/0
  5558 | D:3      | Learned a level 2 spell: Call Imp
  5692 | D:3      | Killed Robin
  5709 | D:3      | Reached skill level 4 in Spellcasting
  5720 | D:3      | Killed Sigmund
  5721 | D:3      | Reached XP level 6. HP: 26/40 MP: 0/0
  5729 | D:3      | Slain by a gnoll

Illustrated notes

Levels and vault maps discovered:
D:1:      psy_arrival_wood_between_worlds, layout_loops_ring
D:2:      layout_basic, guppyfry_early_lair_pool, uniq_jessica
D:3:      layout_rooms, lemuel_doored_altar, nicolae_overflow_hidden_temple,
          shapermc_ecumenical_altar_notcrosses, uniq_sigmund, uniq_robin

Skill      XL: |  1  2  3  4  5 |
---------------+----------------+-----
Stealth        | 2 |  2.4
Spellcasting   | 3 4 |  4.9
Fighting       | |  0.2
Dodging        | |  2.5

Action                   |  1- 3 |  4- 6 || total
-------------------------+-------+-------++-------
Melee: Unarmed           |     4 |     1 ||     5
       Punch             |     1 |       ||     1
 Cast: Foxfire           |    68 |    38 ||   106
       Scorch            |    15 |    10 ||    25
       Inner Flame       |       |     6 ||     6
       Call Imp          |       |     2 ||     2
  Use: Potion            |       |     4 ||     4
Armor: Robe              |     3 |     2 ||     5
Dodge: Dodged            |     3 |     6 ||     9
